AoeStats
← alejobr0790

Arena

510210289Analyzed
4v4 RM · 1d ago on Sep 30, 2026· 58m 53s· 8 players
Game mode
Random Map
Map size
Large (8 player)
Population
200
Speed
Normal
Resources
Standard
Victory
Conquest
Starting age
Dark Age
Ending age
Imperial Age
RankedLock teamsTeams togetherTeam positionsShared explorationLock speedFull tech treeHidden civsTurbo modeCheats
Victory
Defeat
🇺🇾 Franks · Uruguay
1083
+14
🇯🇵 Varangians · Japan
1082
+14
🇨🇳 Burgundians · China
1055
+15
🇺🇾 Shu · Uruguay
1035
+16
🇨🇴 Turks · Colombia
1075
-16
🇨🇴 Chinese · Colombia
1073
-17
🇨🇴 Khmer · Colombia
1018
-14
🇨🇴 Magyars · Colombia
961
-12
Danubio Futbol Club
10:47 Feudal Age
14:40 Castle Age
12:40 Horse Collar
15:27 Double-Bit Axe
20:38 Loom
29:03 Imperial Age
28:34 Murder Holes
30:09 Conscription
31:09 Forging
32:54 Chemistry
35:06 Wheelbarrow
35:01 Town Watch
36:26 Town Patrol
37:34 Coiled Serpent Array
39:18 Hand Cart
39:07 Scale Mail Armor
39:13 Pikeman
40:04 Halberdier
41:18 Chain Mail Armor
40:37 Elite White Feather Guard
42:20 Siege Engineers
43:17 Arson
43:34 Squires
44:23 Onager
55:04 Plate Mail Armor
Tamejirou
9:45 Feudal Age
13:55 Castle Age
13:26 Loom
13:46 Double-Bit Axe
18:23 Horse Collar
25:14 Wheelbarrow
26:16 Gold Mining
26:32 Husbandry
26:42 Bloodlines
28:22 Bow Saw
28:21 Heavy Plow
30:24 Scale Barding Armor
30:29 Forging
34:52 Chain Barding Armor
35:09 Bloodlines
37:02 Hand Cart
36:34 Town Watch
39:14 Scale Mail Armor
40:50 Town Watch
41:19 Squires
40:49 Pikeman
41:41 Stone Mining
41:48 Elite Skirmisher
42:55 Chain Mail Armor
43:15 Iron Casting
42:32 Fletching
43:42 Padded Archer Armor
51:41 Imperial Age
51:25 Ballistics
50:45 Treadmill Crane
52:56 Stone Shaft Mining
54:17 Halberdier
56:04 Plate Mail Armor
56:09 Iron Casting
55:30 Bodkin Arrow
56:20 Arson
57:04 Cavalier
57:08 Light Cavalry
59:13 Conscription
59:36 Crop Rotation
60:11 Two-Man Saw
A Casa Gordito
11:40 Feudal Age
16:11 Castle Age
14:06 Double-Bit Axe
18:35 Bow Saw
20:28 Wheelbarrow
24:03 Hand Cart
23:41 Gold Mining
27:15 Gold Shaft Mining
27:31 Loom
27:31 Town Watch
27:52 Scale Barding Armor
27:57 Forging
28:15 Stone Mining
29:14 Chain Barding Armor
29:12 Husbandry
30:37 Iron Casting
30:04 Town Patrol
33:18 Imperial Age
32:23 Scale Mail Armor
34:19 Conscription
33:59 Chivalry
33:22 Cavalier
34:48 Plate Barding Armor
35:13 Blast Furnace
34:38 Paladin
46:16 Chemistry
45:37 Ballistics
45:28 Masonry
45:24 Siege Engineers
45:15 Murder Holes
45:30 Fortified Wall
47:37 Chain Mail Armor
46:58 Elite Throwing Axeman
50:47 Plate Mail Armor
55:55 Coinage
55:26 Caravan
55:46 Light Cavalry
59:14 Banking
58:48 Capped Ram
273204066
3:45 Double-Bit Axe
5:57 Horse Collar
12:29 Feudal Age
14:21 Heavy Plow
16:25 Castle Age
15:20 Bow Saw
16:12 Loom
19:57 Gold Mining
21:52 Wheelbarrow
23:59 Two-Man Saw
27:10 Forging
27:06 Scale Barding Armor
27:04 Stone Mining
28:18 Gold Shaft Mining
30:22 Imperial Age
27:35 Treadmill Crane
30:33 Imperial Age
29:26 Iron Casting
29:18 Hand Cart
28:49 Town Watch
29:41 Ballistics
29:58 Stone Shaft Mining
30:14 Fletching
30:24 Padded Archer Armor
33:21 Leather Archer Armor
35:15 Conscription
36:09 Blast Furnace
35:14 Elite Skirmisher
37:23 Chemistry
38:16 Husbandry
37:37 Light Cavalry
39:18 Burgundian Vineyards
40:21 Hoardings
41:32 Chain Barding Armor
41:07 Bodkin Arrow
43:43 Bombard Tower
45:03 Plate Barding Armor
44:29 Bracer
45:43 Elite Coustillier
47:33 Scale Mail Armor
47:11 Hussar
49:51 Chain Mail Armor
Alkimista666
4:12 Loom
11:58 Feudal Age
16:46 Castle Age
15:03 Double-Bit Axe
27:03 Wheelbarrow
30:06 Imperial Age
28:52 Town Watch
29:12 Scale Mail Armor
29:18 Scale Barding Armor
33:05 Corvinian Army
34:43 Pikeman
35:11 Arson
35:19 Stone Mining
35:19 Gold Mining
36:15 Halberdier
40:11 Town Patrol
JoseAli
11:25 Feudal Age
14:39 Castle Age
12:57 Double-Bit Axe
14:10 Bloodlines
15:15 Scale Barding Armor
22:13 Wheelbarrow
21:47 Horse Collar
22:27 Town Watch
24:59 Gold Mining
25:00 Stone Mining
26:06 Loom
29:15 Forging
29:26 Chain Barding Armor
32:28 Imperial Age
30:34 Hand Cart
30:37 Heavy Plow
31:35 Husbandry
32:18 Bow Saw
33:07 Iron Casting
33:17 Cavalier
35:01 Conscription
34:54 Double Crossbow
35:37 Gold Shaft Mining
35:37 Stone Shaft Mining
36:31 Ballistics
36:28 Town Patrol
39:02 Crop Rotation
38:03 Light Cavalry
41:45 Chemistry
40:50 Siege Engineers
Cardenalion
0:27 Loom
11:39 Feudal Age
15:12 Castle Age
13:51 Double-Bit Axe
13:48 Horse Collar
16:17 Bow Saw
22:11 Wheelbarrow
22:19 Bloodlines
22:54 Gold Mining
23:39 Town Watch
24:04 Husbandry
27:04 Hand Cart
27:26 Town Patrol
30:37 Imperial Age
28:49 Stone Mining
29:18 Scale Barding Armor
29:24 Forging
29:05 Fletching
30:10 Heavy Plow
31:08 Cavalier
32:14 Chain Barding Armor
32:30 Iron Casting
36:36 Plate Barding Armor
35:50 Light Cavalry
40:16 Murder Holes
40:42 Ballistics
41:31 Bodkin Arrow
42:39 Blast Furnace
41:35 Bodkin Arrow
43:47 Two-Man Saw
43:41 Thumb Ring
42:58 Elite Skirmisher
42:58 Crossbowman
44:14 Conscription
43:31 Elite Chu Ko Nu
46:02 Squires
45:23 Pikeman
45:49 Arson
47:16 Fortified Wall
48:07 Chemistry
46:56 Halberdier
48:25 Scale Mail Armor
48:25 Bracer
48:01 Elite Fire Lancer
54:28 Padded Archer Armor
alejobr0790
12:30 Feudal Age
16:25 Castle Age
15:40 Double-Bit Axe
16:05 Gold Mining
16:41 Horse Collar
26:03 Imperial Age
24:03 Heavy Plow
24:34 Bow Saw
27:19 Padded Archer Armor
39:38 Two-Man Saw
41:59 Wheelbarrow
41:38 Scale Mail Armor
41:54 Heavy Camel Rider
45:55 Fortified Wall
46:09 Scale Barding Armor
49:10 Chain Barding Armor
48:42 Fletching
Connection lost

Rejoining the realm…

Still unreachable

The connection could not be restored.

Session expired

The server has moved on; the page needs a fresh start.